 Dungeon Crawl Stone Soup version 0.17-a0-1842-gacc33f2 (webtiles) character file.

653 shakdrar the Magician (level 7, -6/36 HPs)
             Began as a Deep Elf Fire Elementalist on Sept 17, 2015.
             Shot with an arrow by a centaur (17 damage)
             ... on level 6 of the Dungeon.
             The game lasted 00:25:01 (5488 turns).

shakdrar the Magician (Deep Elf Fire Elementalist)  Turns: 5488, Time: 00:25:01

Health: -6/36      AC:  3    Str:  6    XL:     7   Next: 28%
Magic:  15/34      EV: 13    Int: 20    God:
Gold:   199        SH:  0    Dex: 16    Spells: 5 memorised, 6 levels left

rFire  x . .     SeeInvis .     y - staff of power
rCold  + . .     Clarity  .     a - +0 robe
rNeg   . . .     SustAt   .     (no shield)
rPois  .         Gourm    .     (no helmet)
rElec  .         Spirit   .     (no cloak)
rCorr  .         Warding  .     v - +0 pair of gloves
rMut   .         Stasis   .     (no boots)
MR     .....                    (no amulet)
Stlth  ++........               (no ring)
                                p - ring of ice

@: not resistant to hostile enchantments, unstealthy
A: no striking features
a: no special abilities


You were on level 6 of the Dungeon.
You were not hungry.

You visited 1 branch of the dungeon, and saw 6 of its levels.

You collected 199 gold pieces.

Inventory:

Missiles
 n - 55 poisoned needles
Armour
 a - a +0 robe (worn)
 v - a +0 pair of gloves (worn)
Magical staves
 y - an uncursed staff of power (weapon)
Jewellery
 p - a ring of ice (left hand)
Magical devices
 r - a wand of digging (0)
Scrolls
 f - a scroll of fog {unknown}
 h - 8 scrolls of identify {unknown}
 l - a scroll of blinking {unknown}
 m - a scroll of random uselessness {unknown}
 o - 2 scrolls of remove curse {unknown}
 q - a scroll of amnesia {unknown}
 w - 2 scrolls of enchant armour {unknown}
Potions
 e - a potion of mutation {unknown}
 i - a potion of might {unknown}
 j - a potion of lignification {unknown}
 k - a potion of degeneration {unknown}
 s - 2 potions of heal wounds {unknown}
 t - 3 potions of curing {unknown}
 u - 2 potions of magic {unknown}
 x - a potion of berserk rage {unknown}
Books
 b - a book of Flames

   Spells                             Type                      Level
   a - Flame Tongue                   Conjuration/Fire             1
   b - Throw Flame                    Conjuration/Fire             2
   c - Conjure Flame                  Conjuration/Fire             3
   d - Inner Flame                    Hexes/Fire                   3
   e - Sticky Flame                   Conjuration/Fire             4
   f - Fireball                       Conjuration/Fire             5
Comestibles
 c - 4 bread rations
 d - a slice of pizza
 g - 2 meat rations


   Skills:
 - Level 2.4 Dodging
 - Level 2.4 Stealth
 * Level 6.9 Spellcasting
 + Level 4.1 Conjurations
 * Level 6.5 Fire Magic


You had 6 spell levels left.
You knew the following spells:

 Your Spells              Type           Power        Failure   Level  Hunger
a - Flame Tongue          Conj/Fire      ##...        1%          1    None
b - Throw Flame           Conj/Fire      ##....       1%          2    None
c - Conjure Flame         Conj/Fire      ##......     3%          3    #......
d - Sticky Flame          Conj/Fire      ##......     12%         4    ###....
e - Inner Flame           Hex/Fire       #.......     10%         3    #......


Dungeon Overview and Level Annotations

Branches:
Dungeon (6/15)
 Temple: D:4-7

Altars:
Elyvilon
Nemelex Xobeh
Okawaru
Sif Muna
Yredelemnul

Annotations:
D:4 Eustachio
D:6 Dowan, Duvessa


Message History

Confirm with . or Enter, or press ? or * to list all spells.
Aiming: Throw Flame
Press: ? - help, Shift-Dir - straight line, f/p - Duvessa
Aim: Duvessa, wielding an antimagic rapier and wearing a leather armour (lightly wounded, inner flame)
You feel a numb sensation.
The puff of flame misses Duvessa.
The puff of flame hits Dowan.
Dowan is moderately wounded.
The centaur shoots an arrow.
The arrow hits you.
Casting: Throw Flame
Confirm with . or Enter, or press ? or * to list all spells.
Aiming: Throw Flame
Press: ? - help, Shift-Dir - straight line, f/p - Duvessa
Aim: Duvessa, wielding an antimagic rapier and wearing a leather armour (lightly wounded, inner flame)
You feel a numb sensation.
The puff of flame hits Duvessa.
Duvessa is moderately wounded.
The centaur shoots an arrow.
The arrow barely misses you.
The centaur shoots an arrow.
The arrow hits you!
Unknown command.
The centaur shoots an arrow.
The arrow hits you!
You die...

..# #.# #.# #.#
#.# #.##### .
#####.c...##e...
#..<§ee)....c...
#@#######.####.#
#.# .# #.# .#
..# .# ### .# .#
.#


You could see Duvessa (inner flame), Dowan and a centaur.

Vanquished Creatures
  The ghost of kae the Poker, an average NaFi (D:3)
  An ogre (D:4)
  A phantom (D:3)
  A scorpion (D:4)
  2 jellies
  Natasha (thrice) (D:4)
  3 worker ants
  A hound skeleton (D:4)
  8 adders
  2 shadow imps (D:5)
  An adder skeleton (D:5)
  3 giant geckos
  4 orcs (D:4)
  2 ball pythons
  13 bats
  5 giant cockroaches
  14 hobgoblins
  2 quokkas
  2 giant newts
  6 goblins
  A hobgoblin zombie (D:4)
  6 jackals
  5 kobolds
  8 rats
95 creatures vanquished.

Notes
Turn   | Place    | Note
--------------------------------------------------------------
     0 | D:1      | shakdrar the Deep Elf Fire Elementalist began the quest for the Orb.
     0 | D:1      | Reached XP level 1. HP: 10/10 MP: 6/6
   493 | D:1      | Reached XP level 2. HP: 15/15 MP: 4/8
  1081 | D:1      | Reached XP level 3. HP: 19/19 MP: 8/10
  1123 | D:1      | Reached skill level 4 in Fire Magic
  1165 | D:2      | Learned a level 2 spell: Throw Flame
  1169 | D:2      | Learned a level 3 spell: Conjure Flame
  1298 | D:2      | Found an iron altar of Okawaru.
  1888 | D:2      | Reached XP level 4. HP: 18/24 MP: 2/12
  2287 | D:3      | Noticed a phantom
  2496 | D:3      | Found a deep blue altar of Sif Muna.
  2701 | D:3      | Found a sparkling altar of Nemelex Xobeh.
  2933 | D:3      | Noticed kae's ghost (average NaFi)
  3082 | D:3      | Killed kae's ghost
  3082 | D:3      | Reached skill level 5 in Spellcasting
  3082 | D:3      | Reached skill level 5 in Fire Magic
  3082 | D:3      | Reached XP level 5. HP: 28/28 MP: 1/14
  3250 | D:4      | Noticed Eustachio
  3372 | D:4      | Noticed Natasha
  3388 | D:4      | Noticed an ogre
  3396 | D:4      | Killed an ogre
  3396 | D:4      | Reached XP level 6. HP: 32/32 MP: 4/16
  3422 | D:4      | Found a sand-covered staircase.
  3967 | D:4      | Reached skill level 6 in Spellcasting
  4222 | D:4      | Killed Natasha
  4658 | D:4      | Noticed Natasha
  4706 | D:3      | Killed a phantom
  4706 | D:3      | Reached XP level 7. HP: 27/36 MP: 3/18
  4868 | D:4      | Killed Natasha
  4896 | D:4      | Noticed Natasha
  4898 | D:4      | Killed Natasha
  4987 | D:5      | Entered Level 5 of the Dungeon
  5186 | D:5      | Found a basalt altar of Yredelemnul.
  5382 | D:5      | Found a white marble altar of Elyvilon.
  5457 | D:6      | Noticed Duvessa
  5465 | D:6      | Learned a level 4 spell: Sticky Flame
  5469 | D:6      | Learned a level 3 spell: Inner Flame
  5471 | D:6      | Noticed Dowan
  5488 | D:6      | Shot with an arrow by a centaur

Vault maps used:
D:1:      elethiomel_arrival_infinity_welcomes_careful_drivers, st_stairs_4
D:2:      okawaru_ov_weapons_minmay
D:3:      overflow_temple_1_default, nemelex_xobeh_ov_fountains_minmay,
          first_bread, kennysheep_generic_room_10
D:4:      enter_ossuary_3, minmay_misc_feat_rows, uniq_natasha, uniq_eustachio
D:5:      yredelemnul_altar_generic, elyvilon_altar_5, roderic_serpentine_path
D:6:      minmay_temple_entry_butterflies, roderic_hopi_sauvastika,
          moated_statue, trog_ov_bears_minmay, uniq_duvessa, uniq_blork_the_orc

Action                   |  1- 3 |  4- 6 |  7- 9 || total
-------------------------+-------+-------+-------++-------
Melee: Unarmed           |       |     1 |       ||     1
 Cast: Flame Tongue      |    72 |   114 |    14 ||   200
       Throw Flame       |     1 |    24 |    18 ||    43
       Conjure Flame     |       |     6 |     2 ||     8
       Inner Flame       |       |       |     3 ||     3
  Eat: Chunk             |     2 |     6 |     1 ||     9
       Fruit             |       |     1 |     1 ||     2
       Pizza             |       |     1 |     1 ||     2
